 Dungeon Crawl Stone Soup version 0.26.1-10-gdfb7c7de75 (webtiles) character file.

Game seed: 15220459711809841075

5164 Cyrael the Nimble (level 10, -1/59 HPs)
             Began as a Deep Elf Hedge Wizard on Apr 6, 2021.
             Was a Believer of Vehumet.
             Slain by an unseen horror (5 damage)
             ... on level 8 of the Dungeon on Apr 8, 2021.
             The game lasted 01:54:57 (16186 turns).

Cyrael the Nimble (Deep Elf Hedge Wizard)          Turns: 16186, Time: 01:54:58

Health: -1/59      AC:  6    Str:  7    XL:     10   Next: 33%
Magic:  21/24      EV: 18    Int: 23    God:    Vehumet [**....]
Gold:   440        SH:  0    Dex: 14    Spells: 11/25 levels left

rFire    . . .     SeeInvis .   S - +7 scimitar (freeze) (curse)
rCold    + . .     Faith    .   (no shield)
rNeg     . . .     Spirit   .   b - +0 robe
rPois    .         Reflect  .   s - +1 helmet
rElec    .         Harm     .   (no cloak)
rCorr    .         Rampage  .   d - +0 pair of gloves
Will     ++...                  q - +0 pair of boots
Stlth    ++........             l - amulet of magic regeneration
HPRegen  0.19/turn              t - ring of willpower (curse)
MPRegen  0.44/turn              o - ring of protection from cold

@: no status effects
A: no striking features
a: Renounce Religion


You were on level 8 of the Dungeon.
You worshipped Vehumet.
Vehumet was pleased with you.
You visited 2 branches of the dungeon, and saw 10 of its levels.

You collected 440 gold pieces.

Inventory:

Hand Weapons
 c - a +2 shortbow of freezing
 S - a cursed +7 scimitar of freezing (weapon)
 V - a cursed +4 war axe of freezing
Missiles
 a - 10 boomerangs
 k - 3 silver boomerangs
 D - 317 stones
 E - 17 bolts
 F - 169 arrows
 J - 95 sling bullets
 M - 10 poisoned darts
Armour
 b - a +0 robe (worn)
 d - a +0 pair of gloves (worn)
 q - a +0 pair of boots (worn)
 r - a +0 buckler
 s - a +1 helmet (worn)
 T - a cursed +0 ring mail
Jewellery
 l - an amulet of magic regeneration (around neck)
 o - a ring of protection from cold (right hand)
 p - an uncursed ring of magical power
 t - a cursed ring of willpower (left hand)
 K - a cursed amulet of inaccuracy {unknown}
 Q - an uncursed ring of protection from fire
 U - an uncursed ring of willpower
Wands
 v - a wand of flame (7) (quivered)
 L - a wand of acid (4)
 X - a wand of polymorph (5)
Scrolls
 e - a scroll of fear
 f - 2 scrolls of magic mapping
 g - 2 scrolls of noise {unknown}
 i - a scroll of random uselessness {unknown}
 j - 6 scrolls of teleportation {unknown}
 m - 12 scrolls of remove curse {unknown}
 n - 3 scrolls of immolation {unknown}
 w - a scroll of amnesia {unknown}
 y - 4 scrolls of enchant weapon {unknown}
 G - 3 scrolls of blinking {unknown}
 N - a scroll of enchant armour {unknown}
 P - 2 scrolls of fog {unknown}
 R - a scroll of vulnerability {unknown}
Potions
 h - 2 potions of brilliance
 u - 3 potions of heal wounds
 x - 3 potions of curing
 z - a potion of invisibility
 A - 2 potions of attraction
 B - a potion of resistance {unknown}
 C - 3 potions of haste
 H - a potion of cancellation {unknown}
 I - 2 potions of might
 O - a potion of ambrosia {unknown}
 W - a potion of flight {unknown}
 Y - 2 potions of magic
 Z - a potion of lignification


   Skills:
 + Level 5.4 Fighting
 - Level 10.0 Dodging
 - Level 2.4 Stealth
 - Level 8.0 Spellcasting
 - Level 4.0 Conjurations
 - Level 8.0 Hexes
 - Level 1.1 Summonings
 - Level 3.0 Translocations
 - Level 5.0 Fire Magic
 - Level 3.0 Air Magic
 - Level 3.0 Poison Magic


You had 11 spell levels left.
You knew the following spells:

 Your Spells              Type           Power        Failure   Level
a - Magic Dart            Conj           100%         1%          1
b - Shock                 Conj/Air       100%         1%          1
c - Conjure Flame         Conj/Fire      29%          3%          3
d - Slow                  Hex            46%          1%          2
e - Mephitic Cloud        Conj/Pois/Air  24%          5%          3
f - Call Imp              Summ           14%          7%          2
Z - Blink                 Tloc           N/A          3%          2

Your spell library contained the following spells:

 Spells                   Type           Power        Failure   Level
 Freeze                   Ice            36%          7%          1


Dungeon Overview and Level Annotations

Branches:
Dungeon (9/15)             Temple (1/1) D:7            Lair (0/6) D:8
    Orc: D:9-12

Altars:
Ashenzari
Cheibriados
Elyvilon
Fedhas
Gozag
Hepliaklqana
Kikubaaqudgha
Makhleb
Nemelex Xobeh
Okawaru
Qazlal
Ru
Sif Muna
Trog
Uskayaw
Vehumet
Wu Jian
Xom
Yredelemnul
Zin
The Shining One

Annotations:
D:3 Grinder
D:8 Unseen Horror


Message History

You feel much better. Something hits you.
Casting: Shock (safe; 1% risk of failure)
Confirm with . or Enter, or press ? or * to list all spells.
Aiming: Shock (safe; 1% risk of failure)
Press: ? - help, Shift-Dir - straight line The zap hits something.
Something closely misses you.
Casting: Shock (safe; 1% risk of failure)
Confirm with . or Enter, or press ? or * to list all spells.
Aiming: Shock (safe; 1% risk of failure)
Press: ? - help, Shift-Dir - straight line The zap hits something.
Something hits you! Something hits you.
* * * LOW HITPOINT WARNING * * *
Casting: Shock (safe; 1% risk of failure)
Confirm with . or Enter, or press ? or * to list all spells.
Aiming: Shock (safe; 1% risk of failure)
Press: ? - help, Shift-Dir - straight line The zap hits something.
Something hits you!
* * * LOW HITPOINT WARNING * * *
Something hits you.
You die...

..#..........'..#≈≈≈≈≈≈≈######.##
..[..........#..#≈≈...≈≈##.......
..##...##.##....#≈≈._...'..###.##
..##...#...#....#≈≈...≈≈##...#.#
#.##............#≈≈≈≈≈≈≈##.#.#.#
#.###...._....[.##≈≈≈≈≈###.#.#.#
#.#...........##########<..#.#.#
#.#.#..#.).#..######.#.#.###.#.##
#.#....##.##...{@.##.#.#.....#...
#.#..#.......####[##.#.##########
#.#..#<....#....#.##.#.[)).......
#.#..#####.#.##.#.##)#)>#########
#)#..# #.#.#...[.#.[[.........#
#.#..# #.#.#..#..############.#
#.#..# #.#.#..#..#<.........#.#
#)#..# #.#.#..#..##########.#.#
#.#..# #.#.#..#.......).....#.#


There were no monsters in sight!

Vanquished Creatures
  Pikel (D:8)
  Psyche (D:8)
  Prince Ribbit (D:8)
  3 yaks (D:8)
  Edmund (D:4)
  3 orc warriors
  An ice beast (D:8)
  A black bear (D:8)
  6 ogres
  6 centaurs
  2 big kobolds (D:9)
  3 lemures (D:8)
  5 bullfrogs
  3 scorpions
  9 wights
  A howler monkey (D:8)
  A centaur zombie (D:8)
  A bullfrog zombie (D:9)
  A crimson imp (D:2)
  6 orc priests
  A jelly (D:8)
  Crazy Yiuf (D:3)
  A gnoll shaman (D:6)
  2 centaur skeletons
  2 hounds (D:9)
  5 orc wizards
  7 iguanas
  Ijyb (D:4)
  Terence (D:3)
  3 worker ants
  A howler monkey zombie (D:5)
  A worker ant zombie (D:4)
  6 adders
  3 gnolls (D:6)
  3 shadow imps
  4 white imps
  2 oozes
  An adder skeleton (D:6)
  2 adder zombies
  2 worms
  5 dart slugs
  4 leopard geckos
  22 orcs
  8 giant cockroaches
  7 hobgoblins
  9 jackals
  5 quokkas
  2 ball pythons
  A ball python skeleton (D:4)
  8 bats
  6 frilled lizards
  10 goblins
  9 kobolds
  2 leopard gecko skeletons (D:8)
  4 rats
207 creatures vanquished.

Notes
Turn   | Place    | Note
-------+----------+-------------------------------------------
     0 | D:1      | Cyrael the Deep Elf Hedge Wizard began the quest for the
                  | Orb.
     0 | D:1      | Reached XP level 1. HP: 10/10 MP: 7/7
    45 | D:1      | Reached skill level 3 in Dodging
   257 | D:1      | Reached XP level 2. HP: 15/15 MP: 5/9
   831 | D:1      | Reached skill level 5 in Spellcasting
  1431 | D:2      | Reached XP level 3. HP: 19/19 MP: 11/11
  2062 | D:2      | Reached XP level 4. HP: 24/24 MP: 10/13
  2269 | D:2      | Found a burning altar of Makhleb.
  2408 | D:3      | Noticed Terence
  2514 | D:3      | Found a runed translucent door.
  2515 | D:3      | Noticed Crazy Yiuf
  2710 | D:3      | Noticed Grinder
  2904 | D:3      | Reached skill level 1 in Fighting
  2940 | D:3      | Found an opulent altar of Gozag.
  2941 | D:3      | Found a sacrificial altar of Ru.
  2945 | D:3      | Found a hide-covered altar of Uskayaw.
  2986 | D:3      | Reached XP level 5. HP: 29/29 MP: 8/14
  3713 | D:4      | Noticed Ijyb
  4706 | D:4      | Noticed an ogre
  4853 | D:2      | Learned a level 2 spell: Blink
  4857 | D:2      | Learned a level 3 spell: Conjure Flame
  4860 | D:2      | Learned a level 2 spell: Slow
  4864 | D:2      | Learned a level 3 spell: Mephitic Cloud
  4867 | D:2      | Learned a level 2 spell: Call Imp
  5168 | D:4      | Reached XP level 6. HP: 35/36 MP: 15/17
  5409 | D:4      | Noticed Edmund
  6178 | D:5      | Entered Level 5 of the Dungeon
  6207 | D:4      | Killed Edmund
  6208 | D:4      | Reached XP level 7. HP: 41/41 MP: 12/19
  6360 | D:4      | Killed Ijyb
  6449 | D:3      | Killed Terence
  6685 | D:3      | Killed Crazy Yiuf
  6686 | D:3      | Reached skill level 4 in Dodging
  7464 | D:5      | Reached skill level 1 in Fire Magic
  7742 | D:5      | Found a snail-covered altar of Cheibriados.
  7844 | D:5      | Reached skill level 1 in Hexes
  8319 | D:5      | Reached XP level 8. HP: 46/46 MP: 12/22
  8657 | D:6      | Found a glowing golden altar of the Shining One.
  9132 | D:6      | Reached skill level 5 in Hexes
  9132 | D:6      | Reached skill level 1 in Air Magic
  9132 | D:6      | Reached skill level 1 in Poison Magic
 10522 | D:7      | Found a broken altar of Ashenzari.
 10609 | D:7      | Found a staircase to the Ecumenical Temple.
 10650 | Temple   | Entered the Ecumenical Temple
 10783 | Temple   | Became a worshipper of Vehumet
 10813 | D:7      | Found a white marble altar of Elyvilon.
 10841 | D:7      | Found an ornate altar of the Wu Jian Council.
 11801 | D:7      | Reached XP level 9. HP: 35/50 MP: 18/23
 11942 | D:8      | Reached skill level 5 in Fire Magic
 11947 | D:8      | Found an iron altar of Okawaru.
 12061 | D:8      | Noticed Psyche
 12089 | D:8      | Found a staircase to the Lair.
 12116 | D:8      | Killed Psyche
 12328 | D:8      | Found a shimmering blue altar of Sif Muna.
 12637 | D:8      | Reached skill level 5 in Dodging
 12701 | D:8      | Reached * piety under Vehumet
 12701 | D:8      | Offered knowledge of Shock by Vehumet.
 12704 | D:8      | Learned a level 1 spell: Shock
 12774 | D:8      | Found a shimmering altar of Xom.
 12884 | D:8      | Reached skill level 6 in Dodging
 13160 | D:8      | Reached skill level 7 in Dodging
 13447 | D:8      | Reached skill level 8 in Dodging
 13539 | D:8      | Noticed Prince Ribbit
 14080 | D:8      | Killed Prince Ribbit
 14081 | D:8      | Reached skill level 9 in Dodging
 14449 | D:8      | Reached XP level 10. HP: 56/56 MP: 18/24
 14690 | D:9      | Offered knowledge of Freeze by Vehumet.
 14694 | D:9      | Reached ** piety under Vehumet
 14888 | D:8      | Reached skill level 10 in Dodging
 15325 | D:9      | Noticed Pikel
 15828 | D:8      | Killed Pikel
 15829 | D:8      | Reached skill level 5 in Fighting
 16186 | D:8      | Slain by an unseen horror

Illustrated notes

Levels and vault maps discovered:
D:1:      lightli_iron_boxes, layout_basic
D:2:      layout_loops_ring, makhleb_grotto_becter
D:3:      layout_rooms, lemuel_coloured_pillars_altar,
          chequers_temple_overflow_statue_of_worship, uniq_crazy_yiuf_cottage,
          uniq_grinder, uniq_terence
D:4:      layout_basic, grunt_decor_fettered, uniq_edmund, uniq_ijyb
D:5:      layout_basic, overflow_temple_1_default, hex_intersection
D:6:      layout_rooms, lemuel_crystal_altar
D:7:      layout_basic, nzn_wu_jian_council_hall, lemuel_doored_altar,
          overflow_temple_1_default, minmay_temple_entry_large_hall
D:8:      nicolae_whirlpool, layout_basic, lemuel_round_altar,
          okawaru_gym_becter, led_sif_pool, lair_entry_dummy,
          chequers_serial_rivers_room_a, uniq_psyche, uniq_prince_ribbit1
D:9:      layout_irregular_city, onia_ninara_cookie, uniq_pikel
Temple:   nicolae_temple_figure_zero

Skill      XL: |  1  2  3  4  5  6  7  8  9 10 |
---------------+-------------------------------+-----
Dodging        | 3 4 9 10 | 10.0
Spellcasting   | 5 6 8 |  8.0
Conjurations   | 3 4 |  4.0
Fighting       | 1 2 3 4 5 |  5.4
Translocations | 3 |  3.0
Fire Magic     | 3 4 5 |  5.0
Hexes          | 3 8 |  8.0
Air Magic      | 2 3 |  3.0
Poison Magic   | 2 3 |  3.0
Stealth        | |  2.4
Summonings     | |  1.1

Action                   |  1- 3 |  4- 6 |  7- 9 | 10-12 || total
-------------------------+-------+-------+-------+-------++-------
Melee: Dagger            |     4 |     1 |     6 |       ||    11
       Dire flail        |       |       |    25 |       ||    25
       Scimitar          |       |       |    34 |    37 ||    71
Throw: Dart              |       |    35 |    22 |       ||    57
 Cast: Magic Dart        |   127 |   179 |   405 |    19 ||   730
       Blink             |       |    37 |    25 |     9 ||    71
       Conjure Flame     |       |     1 |    28 |     5 ||    34
       Call Imp          |       |       |     1 |     1 ||     2
       Slow              |       |       |    73 |    23 ||    96
       Mephitic Cloud    |       |       |    10 |       ||    10
       Shock             |       |       |    93 |    76 ||   169
Evoke: Wand              |       |       |     2 |       ||     2
  Use: Scroll            |       |       |    11 |     1 ||    12
       Potion            |       |       |       |     3 ||     3
 Stab: Sleeping          |     1 |     1 |       |       ||     2
       Confused          |       |       |     3 |       ||     3
Armor: Robe              |    12 |     6 |    27 |    16 ||    61
       Skin              |       |       |       |    32 ||    32
Dodge: Dodged            |    28 |    40 |   118 |    59 ||   245
       Rpst.: Scimitar   |       |       |     6 |    13 ||    19
